 Dungeon Crawl Stone Soup version 0.31-a0-831-g143b1e8 (webtiles) character file.

Game seed: 9072797294155377573

3725 BarneyGumball the Skirmisher (level 9, -8/71 HPs)
             Began as a Demigod Hunter on Sept 24, 2023.
             Mangled by an unseen horror (9 damage)
             ... on level 8 of the Dungeon.
             The game lasted 00:17:23 (7962 turns).

BarneyGumball the Skirmisher (Demigod Hunter)       Turns: 7962, Time: 00:17:24

Health: -8/71      AC: 11    Str: 12    XL:     9   Next: 61%
Magic:  11/11      EV: 18    Int: 11    God:
Gold:   441        SH:  0    Dex: 29    Spells: 8/8 levels left

rFire   . . .        a - +0 shortbow
rCold   . . .        (shield currently unavailable)
rNeg    . . .        K - +0 ring mail {rPois}
rPois   +            (no helmet)
rElec   .            w - +0 cloak
rCorr   .            c - +0 pair of gloves
SInv    .            (no boots)
Will    .....        (no amulet)
Stlth   +            k - +4 ring of protection
HPRegen 0.31/turn    h - +5 ring of evasion
MPRegen 0.12/turn

%: no passive effects
@: mighty, silenced
A: high MP 1, forlorn, divine attributes
a: no special abilities


You were on level 8 of the Dungeon.
You visited 1 branch of the dungeon, and saw 9 of its levels.

You collected 441 gold pieces.

Inventory:

Hand Weapons
 a - a +0 shortbow (weapon)
Missiles
 f - 4 poisoned darts
 r - 2 silver javelins
Armour
 c - a +0 pair of gloves (worn)
 q - a +1 ring mail of fire resistance
 w - a +0 cloak (worn)
 K - a +0 ring mail of poison resistance (worn)
Jewellery
 h - a +5 ring of evasion (right hand)
 k - a +4 ring of protection (left hand)
 A - a ring of ice
 E - a ring of positive energy
 F - a +6 ring of strength
Wands
 o - a wand of flame (13)
 z - a wand of mindburst (14)
 D - a wand of iceblast (10)
Scrolls
 b - 2 scrolls of enchant armour {unknown}
 g - 2 scrolls of teleportation
 m - a scroll of enchant weapon {unknown}
 p - 2 scrolls of acquirement {unknown}
 s - 3 scrolls of immolation {unknown}
 t - a scroll of revelation
 u - 2 scrolls of amnesia {unknown}
 v - 2 scrolls of fog {unknown}
 y - a scroll of fear {unknown}
 B - 2 scrolls of noise {unknown}
 C - a scroll of torment {unknown}
 I - a scroll of vulnerability {unknown}
Potions
 d - 2 potions of attraction
 e - a potion of brilliance
 i - a potion of haste
 j - 2 potions of cancellation
 l - a potion of might
 n - a potion of ambrosia {unknown}
 G - a potion of enlightenment
 H - a potion of berserk rage {unknown}
 J - a potion of mutation {unknown}


   Skills:
 + Level 3.6 Fighting
 + Level 12.7 Ranged Weapons
 + Level 3.6 Dodging
 - Level 0.8 Stealth


You had 8 spell levels left.
You didn't know any spells.
Your spell library contained the following spells:

 Spells                   Type           Power      Damage    Failure   Level
 Magic Dart               Conj           0%         1d3       63%         1
 Summon Small Mammal      Summ           0%         N/A       63%         1
 Call Imp                 Summ           0%         N/A       77%         2
 Call Canine Familiar     Summ           0%         N/A       94%         3
 Mephitic Cloud           Conj/Pois/Air  0%         N/A       94%         3
 Summon Guardian Golem    Hex/Summ       0%         N/A       94%         3


Dungeon Overview and Level Annotations

Branches:
Dungeon (9/15)             Temple (0/1) D:6
   Lair: D:8-11         Orc: D:9-12


Innate Abilities, Weirdness & Mutations

You have an increased reservoir of magic. (+10% MP)
You shall have no god before yourself.
Your divine heritage dramatically boosts your attributes as you level up.


Message History

Something hits you.
Fire: a) +0 shortbow
Press: ? - help, Q - select action, (/) - cycle Shift-Dir - straight line You shoot an arrow.
Something hits you. x2
* * * LOW HITPOINT WARNING * * *
Okay, then.
Okay, then.
Something closely misses you. Something hits you.
* * * LOW HITPOINT WARNING * * *
Something hits you but does no damage. Something closely misses you.
Something hits you.
* * * LOW HITPOINT WARNING * * *
Something hits you but does no damage.
Something hits you but does no damage. x2
Something hits you.
* * * LOW HITPOINT WARNING * * *
Something closely misses you. Something barely misses you. Something hits you!
* * * LOW HITPOINT WARNING * * *
Something closely misses you. Something barely misses you. Something hits you.
* * * LOW HITPOINT WARNING * * *
Okay, then.
It was a potion of might.
You feel very mighty all of a sudden.
As you read the scroll labelled ZEMIEM FUEJ, it crumbles to dust.
A profound silence engulfs you.
It was a scroll of silence.
Something hits you but does no damage. Something hits you.
* * * LOW HITPOINT WARNING * * *
Something hits you.
* * * LOW HITPOINT WARNING * * *
Something hits you.
* * * LOW HITPOINT WARNING * * *
Something hits you!
You die...

#.# #.#...#
####'#######.#.#.#
#..............#.#
#...........####.#
###########...........# #.#
#.....................# #.#
###.....................# ###
......................).#
....."..........@.......#
........................#####
###.........................#
#...........#######'#####.#
###...........##......# #.#
.##...........##......# #.#
###..........)##......#####.#
# ###......##.##...<........#
## #......##..'........#####


There were no monsters in sight!

Vanquished Creatures
  Sigmund (D:5)
  A wyvern (D:8)
  3 yaks
  2 steam dragons
  3 orc warriors
  A black bear (D:7)
  A sky beast (D:8)
  2 ogres (D:6)
  A phantom (D:5)
  3 bullfrogs
  5 wights (D:8)
  6 killer bees (D:8)
  An electric eel (D:8)
  10 orc priests
  4 hounds
  A jelly (D:6)
  2 sleepcaps
  2 iguanas (D:5)
  11 orc wizards
  8 gnolls
  16 adders
  2 shadow imps (D:6)
  2 ufetubi
  A worm (D:2)
  4 dart slugs
  29 orcs
  7 ball pythons
  10 bats
  3 endoplasms
  4 giant cockroaches
  8 goblins
  8 hobgoblins
  6 jackals
  7 kobolds
  8 quokkas
  A frilled lizard (D:2)
  3 rats
187 creatures vanquished.

Vanquished Creatures (others)
  A kobold brigand (D:8)
  An orc (D:7)
2 creatures vanquished.

Grand Total: 189 creatures vanquished

Notes
Turn   | Place    | Note
-------+----------+-------------------------------------------
     0 | D:1      | BarneyGumball the Demigod Hunter began the quest for the
                  | Orb.
     0 | D:1      | Reached XP level 1. HP: 17/17 MP: 3/3
   247 | D:1      | Reached skill level 4 in Ranged Weapons
   282 | D:1      | Reached XP level 2. HP: 24/24 MP: 4/4
   444 | D:1      | Reached XP level 3. HP: 27/29 MP: 5/5
   698 | D:2      | Reached skill level 5 in Ranged Weapons
   896 | D:2      | Reached XP level 4. HP: 20/36 MP: 6/6
  1796 | D:3      | You fall into a shaft and drop 1 floor!
  1869 | D:4      | Reached skill level 6 in Ranged Weapons
  1869 | D:4      | Reached XP level 5. HP: 39/41 MP: 7/7
  2677 | D:4      | Noticed a sky beast
  3098 | D:5      | Entered Level 5 of the Dungeon
  3150 | D:5      | Reached XP level 6. HP: 48/48 MP: 8/8
  3167 | D:5      | Reached skill level 7 in Ranged Weapons
  3362 | D:5      | Noticed Sigmund
  3388 | D:5      | Killed Sigmund
  3389 | D:5      | Reached skill level 8 in Ranged Weapons
  3389 | D:5      | Reached XP level 7. HP: 51/53 MP: 9/9
  3833 | D:6      | Found a staircase to the Ecumenical Temple.
  4253 | D:6      | Reached skill level 9 in Ranged Weapons
  4920 | D:7      | Reached XP level 8. HP: 39/60 MP: 10/10
  5045 | D:7      | Reached skill level 10 in Ranged Weapons
  5777 | D:8      | Reached skill level 11 in Ranged Weapons
  6508 | D:8      | Reached XP level 9. HP: 50/65 MP: 11/11
  6591 | D:8      | Reached skill level 12 in Ranged Weapons
  7961 | D:8      | HP: 2/71 [something (2)]
  7962 | D:8      | Mangled by an unseen horror

Illustrated notes

Levels and vault maps discovered:
D:1:      dpeg_arrival_arbitrary_a, layout_rooms, minmay_domino_4
D:2:      wad_pebble_path, layout_basic
D:3:      layout_loops_ring
D:4:      nicolae_cairo_tiling_large_dashed, layout_basic,
          nicolae_underground_beach
D:5:      layout_cave_pools, lemuel_round_altar, uniq_sigmund
D:6:      layout_loops_ring, mainiacjoe_overflow_concentric_impassable,
          minmay_temple_entry_grid
D:7:      layout_basic
D:8:      cheibrodos_helix_gallery, layout_basic, lemuel_round_altar,
          mainiacjoe_overflow_tiny_flanked, minmay_misc_feat_cross
D:9:      layout_rooms, zin_purify, chequers_decorated_corner

Skill      XL: |  1  2  3  4  5  6  7  8  9 |
---------------+----------------------------+-----
Ranged Weapons | 4 5 6 8 9 11 12 | 12.7
Fighting       | 3 |  3.6
Dodging        | 3 |  3.6
Stealth        | |  0.8

Action                     |  1- 3 |  4- 6 |  7- 9 || total
---------------------------+-------+-------+-------++-------
   Fire: Shortbow          |   139 |   242 |   544 ||   925
  Throw: Dart              |       |       |     1 ||     1
    Use: Scroll            |     2 |     4 |     7 ||    13
         Potion            |       |     1 |     3 ||     4
 Armour: Leather armour    |    41 |    79 |       ||   120
         Ring mail         |       |     1 |   209 ||   210
  Dodge: Dodged            |    40 |    84 |   214 ||   338

Table legend: (Time is in decaauts)
 A = Elapsed time spent in this place.
 B = Non-inter-level travel time spent in this place.
 C = Inter-level travel time spent in this place.
 D = Time resting spent in this place.
 E = Time spent auto-exploring this place.
 F = Levels seen in this place.
 G = Mean time per level.
                   A        B        C        D        E       F      G
               +--------+--------+--------+--------+--------+-----+--------+
         Total |   8021 |   7518 |    503 |    618 |   5155 |   9 |  891.2 |
       Dungeon |   8021 |   7518 |    503 |    618 |   5155 |   9 |  891.2 |
               +--------+--------+--------+--------+--------+-----+--------+

Top non-repeatable levels by time:
     D:8: 2242 daAuts
     D:3: 963 daAuts
     D:6: 859 daAuts
     D:2: 811 daAuts
     D:5: 753 daAuts
     D:7: 740 daAuts
     D:1: 718 daAuts
     D:4: 693 daAuts
     D:9: 241 daAuts
